 Dungeon Crawl Stone Soup version 0.30-a0-918-g0ff054e9dc (webtiles) character file.

Game seed: 4506633412536842722

126 cforsyth the Trooper (level 5, 0/42 HPs)
             Began as a Human Fighter on Mar 21, 2023.
             Slain by Natasha (6 damage)
             ... on level 2 of the Dungeon.
             The game lasted 00:02:34 (1866 turns).

cforsyth the Trooper (Human Fighter)                Turns: 1866, Time: 00:02:35

Health: 0/42       AC: 10    Str: 18    XL:     5   Next: 32%
Magic:  5/5        EV:  9    Int:  9    God:
Gold:   54         SH:  4    Dex: 12    Spells: 4/4 levels left

rFire   . . .      SeeInvis .    a - +0 flail
rCold   . . .      Faith    .    c - +0 buckler
rNeg    . . .      Spirit   .    b - +0 scale mail
rPois   +          Reflect  .    (no helmet)
rElec   .          Rampage  .    (no cloak)
rCorr   .                        (no gloves)
Will    .....                    n - +0 pair of boots Stlth
                                 (no amulet)
HPRegen 0.27/turn                h - ring of poison resistance
MPRegen 0.09/turn                (no ring)

@: slowed, very slow
A: hooves 1, iridescent scales 1
a: no special abilities


You were on level 2 of the Dungeon.
You visited 1 branch of the dungeon, and saw 2 of its levels.

You collected 54 gold pieces.

Inventory:

Hand Weapons
 a - a +0 flail (weapon)
Armour
 b - a +0 scale mail (worn)
 c - a +0 buckler (worn)
 n - a +0 pair of boots (worn)
Jewellery
 h - a ring of poison resistance (left hand)
Wands
 e - a wand of roots (10)
Scrolls
 g - a scroll of enchant weapon {unknown}
 i - a scroll of vulnerability {unknown}
 k - a scroll of noise {unknown}
 m - a scroll of amnesia {unknown}
 o - a scroll of silence {unknown}
 p - a scroll of identify {unknown}
Potions
 d - a potion of might
 f - 3 potions of haste
 j - a potion of resistance
 l - a potion of degeneration {unknown}
 q - a potion of flight {unknown}


   Skills:
 + Level 3.8 Fighting
 + Level 3.0 Maces & Flails
 + Level 3.7 Armour
 + Level 3.8 Shields


You had 4 spell levels left.
You didn't know any spells.
Your spell library contained the following spells:

 Spells                   Type           Power      Damage    Failure   Level
 Foxfire                  Conj/Fire      0%         2x1d4     86%         1
 Fireball                 Conj/Fire      0%         3d3       100%        5
 Starburst                Conj/Fire      0%         6d3       100%        6


Dungeon Overview and Level Annotations

Branches:
Dungeon (2/15)

Altars:
Xom

Annotations:
D:2 Natasha


Innate Abilities, Weirdness & Mutations

You have large cloven feet.
You are partially covered in iridescent scales. (AC +2)


Message History

You miss something. Something claws you but does no damage.
The shadow imp hits you but does no damage.
You closely miss something.
The shadow imp hits you but does no damage.
Something completely misses you.
You miss something. The shadow imp barely misses you.
You hear some strange, mumbled words.
You feel yourself slow down.
You hit something. You block the shadow imp's attack.
Something claws you but does no damage.
The shadow imp hits you but does no damage.
You hear some strange, mumbled words.
You feel as though you will be slow longer.
Something claws you but does no damage.
The shadow imp hits you but does no damage.
You barely miss something. The shadow imp gestures at you.
Pain shoots through your body! Something claws you but does no damage.
You hit something. You block the shadow imp's attack.
Something claws you but does no damage.
The shadow imp hits you but does no damage.
Something claws you. Something claws you but does no damage.
You block the shadow imp's attack.
You miss something. The shadow imp barely misses you.
You hear some strange, mumbled words.
A magic dart appears from out of thin air!
The magic dart hits you.
You miss something.
The shadow imp hits you but does no damage.
Something claws you.
* * * LOW HITPOINT WARNING * * *
The shadow imp hits you but does no damage.
Something claws you.
* * * LOW HITPOINT WARNING * * *
You closely miss something.
The shadow imp disappears in a puff of smoke!
Something claws you but does no damage.
You hear some strange, mumbled words.
You hit something. Something claws you.
You die...

....# #.# ###..........#
....## #.# #..........#.
.....####.## #............
.......##..####..........#.
......................_....
....####......#..........#
....# ####.#......†.....#
....# #.##....$......#
..### #.###.@###.#####
....# #.##.{5..#.# .....
#....###.#.# ...... #...#
.#.# ...... #.#. #.......
.. .<. #.#. ###......##.##
#........ .
#.#.........#... #.........
............#... #.........
#............[. ..


You could see a white imp (summoned).

Vanquished Creatures
  Natasha (D:2)
  Robin (D:2)
  3 adders (D:2)
  2 worms (D:2)
  A bat (D:1)
  4 endoplasms
  2 giant cockroaches (D:1)
  15 goblins
  5 hobgoblins
  2 jackals (D:1)
  2 quokkas (D:1)
  4 ball pythons (D:1)
  4 frilled lizards
  2 kobolds (D:2)
  8 rats
56 creatures vanquished.

Vanquished Creatures (others)
  A plant (D:1)
1 creature vanquished.

Grand Total: 57 creatures vanquished

Notes
Turn   | Place    | Note
-------+----------+-------------------------------------------
     0 | D:1      | cforsyth the Human Fighter began the quest for the Orb.
     0 | D:1      | Reached XP level 1. HP: 18/18 MP: 1/1
    62 | D:1      | Reached XP level 2. HP: 9/24 MP: 2/2
   385 | D:1      | Reached XP level 3. HP: 29/29 MP: 3/3
   967 | D:1      | Found a faded altar of an unknown god.
  1128 | D:2      | Identified the +4 short sword of Moiwy {freeze, Dex+3}
  1136 | D:2      | Reached XP level 4. HP: 32/35 MP: 4/4
  1345 | D:2      | Noticed Robin
  1426 | D:2      | Killed Robin
  1601 | D:2      | Gained mutation: You have large cloven feet. [potion of
                  | mutation]
  1601 | D:2      | Gained mutation: You are partially covered in iridescent
                  | scales. (AC +2) [potion of mutation]
  1617 | D:2      | Reached XP level 5. HP: 8/42 MP: 5/5
  1780 | D:2      | Found a shimmering altar of Xom.
  1780 | D:2      | Noticed Natasha
  1807 | D:2      | Killed Natasha
  1849 | D:2      | Noticed Natasha
  1866 | D:2      | Slain by Natasha

Illustrated notes

Levels and vault maps discovered:
D:1:      roderic_crop_circles_arrival_small, layout_basic,
          dreamdust_ecumenical_altar_grove, nicolae_figureground_pulse
D:2:      layout_rooms, basic_altar, serial_shops, nicolae_lakefront_shop,
          minmay_statues_item, uniq_natasha, uniq_robin

Skill      XL: |  1  2  3  4  5 |
---------------+----------------+-----
Maces & Flails | 3 |  3.0
Fighting       | |  3.8
Armour         | |  3.7
Shields        | |  3.8

Action                     |  1- 3 |  4- 6 || total
---------------------------+-------+-------++-------
  Melee: Flail             |    95 |   124 ||   219
    Use: Potion            |       |     4 ||     4
 Armour: Scale mail        |    65 |    96 ||   161
  Dodge: Dodged            |    56 |    78 ||   134
  Block: Buckler           |    29 |    34 ||    63

Table legend: (Time is in decaauts)
 A = Elapsed time spent in this place.
 B = Non-inter-level travel time spent in this place.
 C = Inter-level travel time spent in this place.
 D = Time resting spent in this place.
 E = Time spent auto-exploring this place.
 F = Levels seen in this place.
 G = Mean time per level.
                   A        B        C        D        E       F      G
               +--------+--------+--------+--------+--------+-----+--------+
         Total |   1923 |   1863 |     60 |      0 |   1379 |   2 |  961.5 |
       Dungeon |   1923 |   1863 |     60 |      0 |   1379 |   2 |  961.5 |
               +--------+--------+--------+--------+--------+-----+--------+

Top non-repeatable levels by time:
     D:1: 1127 daAuts
     D:2: 796 daAuts
